 Dungeon Crawl Stone Soup version 0.31-a0-523-g071a6c1ffa (webtiles) character file.

Game seed: 14638519858813324780

496 arthad the Magician (level 7, 0/49 HPs)
             Began as a Djinni Fire Elementalist on Aug 11, 2023.
             Was an Initiate of Makhleb.
             Slain by Edmund
             ... wielding a +0 heavy dire flail
              (14 damage)
             ... on level 5 of the Dungeon.
             The game lasted 00:09:56 (4004 turns).

arthad the Magician (Djinni Fire Elementalist)      Turns: 4004, Time: 00:09:57

Health: 0/49       AC:  4    Str:  7    XL:     7   Next: 38%
Gold:   285        EV: 13    Int: 18    God:    Makhleb [......] SH:  0 Dex: 14

rFire   + + +        (no weapon)
rCold   x . .        (no shield)
rNeg    . . .        a - +0 robe
rPois   ∞            u - +0 helmet
rElec   .            (no cloak)
rCorr   .            d - +0 pair of gloves
SInv    .            (boots unavailable)
Will    .....        o - amulet of regeneration
Stlth   ++           l - ring of protection from fire
HPRegen 1.08/turn    (no ring)
MPRegen 0.00/turn

%: infuse magic (-1 HP)
@: flying, very slightly contaminated
A: sickness immunity, fire resistance 2, cold vulnerability 1, float, innate
caster, HP casting, extra vitality 1
a: Renounce Religion


You were on level 5 of the Dungeon.
You worshipped Makhleb.
Makhleb was noncommittal.
You visited 2 branches of the dungeon, and saw 6 of its levels.

You collected 285 gold pieces.

Inventory:

Hand Weapons
 c - a +0 dagger of speed
 v - a +1 falchion of holy wrath
Missiles
 g - 6 javelins
 p - a boomerang
 q - 6 poisoned darts
Armour
 a - a +0 robe (worn)
 d - a +0 pair of gloves (worn)
 r - a +1 ring mail of poison resistance
 u - a +0 helmet (worn)
Jewellery
 l - a ring of protection from fire (left hand)
 o - an amulet of regeneration (around neck)
Scrolls
 e - 5 scrolls of poison {unknown}
 f - 5 scrolls of identify {unknown}
 h - a scroll of fog {unknown}
 j - a scroll of teleportation {unknown}
 s - a scroll of vulnerability {unknown}
 t - a scroll of revelation {unknown}
Potions
 b - a potion of resistance {unknown}
 i - 3 potions of degeneration {unknown}
 k - 2 potions of curing {unknown}
 m - a potion of magic {unknown}
 n - 2 potions of attraction {unknown}


   Skills:
 + Level 2.9 Fighting
 + Level 4.1 Dodging
 + Level 3.2 Stealth
 * Level 4.5 Spellcasting
 * Level 4.5 Conjurations
 * Level 4.5 Hexes
   Level 0.0 Charms
 * Level 4.5 Summonings
 * Level 4.5 Necromancy
 * Level 4.5 Translocations
 * Level 4.5 Transmutations
 * Level 4.5 Fire Magic
 * Level 4.5 Ice Magic
 * Level 4.5 Air Magic
 * Level 4.5 Earth Magic
 * Level 4.5 Poison Magic


You knew the following spells:

 Your Spells              Type           Power      Damage    Failure   Level
a - Foxfire               Conj/Fire      80%        2x1d8     2%          1
b - Scorch                Fire           40%        2d6       3%          2
c - Volatile Blastmotes   Fire/Tloc      40%        2d13      7%          3
d - Inner Flame           Hex/Fire       20%        N/A       7%          3
e - Flame Wave            Conj/Fire      20%        2d7       22%         4
f - Apportation           Tloc           40%        N/A       2%          1
g - Passwall              Tmut/Erth      16%        N/A       3%          2
h - Ensorcelled Hibernat  Hex/Ice        40%        N/A       3%          2
Your spell library was empty.

Dungeon Overview and Level Annotations

Branches:
Dungeon (5/15)             Temple (1/1) D:4

Altars:
Ashenzari
Cheibriados
Dithmenos
Elyvilon
Fedhas
Gozag
Hepliaklqana
Makhleb
Nemelex Xobeh
Okawaru
Qazlal
Ru
Trog
Uskayaw
Wu Jian
Zin

Annotations:
D:5 Edmund


Innate Abilities, Weirdness & Mutations

You are immune to sickness and miasma.
You are immune to poison.
Your flesh is very heat resistant. (rF++)
You are vulnerable to cold. (rC-)
You float through the air rather than walking.
You learn spells naturally, not from books.
Your magical power is your life essence.
You have superior vitality. (+4 MHP)


Message History

Edmund is moderately wounded.
The foxfire hits Edmund but does no damage.
Edmund is moderately wounded.
A wave of flame ripples out!
The flame wave engulfs Edmund.
Edmund is moderately wounded.
Edmund hits you with a +0 heavy dire flail!
A wave of flame ripples out!
The flame wave engulfs Edmund!
Edmund is heavily wounded.
The flame wave engulfs the adder!
You kill the adder!
Makhleb accepts your kill.
The flame wave engulfs the hound!
The hound is almost dead.
You finish channelling waves of flame.
Edmund closely misses you.
Casting: Flame Wave (quite dangerous; 22% risk of failure)
Confirm with . or Enter, or press ? or * to list all spells.
Casting: Flame Wave (quite dangerous; 22% risk of failure)
Press: ? - help, Dir - look around, f - activate You miscast Flame Wave.
You are very lightly contaminated with residual magic.
The air around you burns with energy. You resist.
Casting: Flame Wave (quite dangerous; 22% risk of failure)
Confirm with . or Enter, or press ? or * to list all spells.
Casting: Flame Wave (quite dangerous; 22% risk of failure)
Press: ? - help, Dir - look around, f - activate A wave of flame ripples out!
The flame wave engulfs Edmund.
Edmund is severely wounded. (Press . to intensify the flame waves.)
A water moccasin comes into view.
Edmund hits you with a +0 heavy dire flail!
* * * LOW HITPOINT WARNING * * *
A wave of flame ripples out!
The flame wave engulfs Edmund but does no damage.
Edmund is severely wounded.
The flame wave engulfs the hound!
You kill the hound!
Makhleb accepts your kill.
* * * LOW HITPOINT WARNING * * *
Edmund hits you with a +0 heavy dire flail!
You die...

.. #. ###### .##.# #....#
..# .... #....# . ..#.#
#..# #....# .. ..#.# #..#
#....+ S#
#.#.###..#######....# ..#
#.#.............@.S.#...#.
......#........##@##......
......#..###...##.......#
........(.##...##.##.#..#
......##.###.####.# ..
......##.# #.# ... ...
......#... ..# .... ...
#######...#####.... #.
#...# ######


You could see Edmund and a water moccasin.

Vanquished Creatures
  Eustachio (D:5)
  A bullfrog (D:4)
  2 hounds (D:5)
  An orc priest (D:4)
  Jessica (D:3)
  An iguana (D:4)
  5 adders
  A gnoll (D:3)
  An ufetubus (D:5)
  3 dart slugs
  10 orcs
  5 bats
  10 endoplasms
  7 giant cockroaches
  11 goblins
  6 hobgoblins
  4 jackals (D:2)
  4 quokkas
  8 ball pythons
  A frilled lizard (D:3)
  12 kobolds
  7 rats
102 creatures vanquished.

Vanquished Creatures (collateral kills)
  A foxfire (D:2)
1 creature vanquished.

Vanquished Creatures (others)
  343 foxfires
343 creatures vanquished.

Grand Total: 446 creatures vanquished

Notes
Turn   | Place    | Note
-------+----------+-------------------------------------------
     0 | D:1      | arthad the Djinni Fire Elementalist began the quest for the
                  | Orb.
     0 | D:1      | arthad set off with the following spells memorised:
                  | Foxfire, Scorch, Volatile Blastmotes, Inner Flame, Flame
                  | Wave.
     0 | D:1      | Reached XP level 1. HP: 15/15 MP: 0/0
   186 | D:1      | Reached XP level 2. HP: 18/22 MP: 0/0
   697 | D:1      | Reached XP level 3. HP: 24/26 MP: 0/0
   697 | D:1      | Learned a level 1 spell: Apportation
  1233 | D:2      | Reached skill level 1 in Fighting
  1406 | D:2      | Reached XP level 4. HP: 30/32 MP: 0/0
  2325 | D:3      | Noticed Jessica
  2329 | D:3      | Killed Jessica
  2330 | D:3      | Reached XP level 5. HP: 34/37 MP: 0/0
  2330 | D:3      | Learned a level 2 spell: Passwall
  2457 | D:3      | Found an opulent altar of Gozag.
  2457 | D:3      | Found a glowing silver altar of Zin.
  2465 | D:3      | Found a bloodstained altar of Trog.
  2467 | D:3      | Found a stormy altar of Qazlal.
  2469 | D:3      | Found a hide-covered altar of Uskayaw.
  3074 | D:4      | Reached XP level 6. HP: 41/43 MP: 0/0
  3446 | D:4      | Found a staircase to the Ecumenical Temple.
  3457 | Temple   | Entered the Ecumenical Temple
  3469 | Temple   | Became a worshipper of Makhleb the Destroyer
  3933 | D:5      | Entered Level 5 of the Dungeon
  3948 | D:5      | Noticed Eustachio
  3958 | D:5      | Killed Eustachio
  3959 | D:5      | Reached XP level 7. HP: 45/49 MP: 0/0
  3959 | D:5      | Learned a level 2 spell: Ensorcelled Hibernation
  3993 | D:5      | Noticed Edmund
  4003 | D:5      | Noticed a water moccasin
  4004 | D:5      | Slain by Edmund

Illustrated notes

Levels and vault maps discovered:
D:1:      minmay_arrival_nine_rooms, layout_basic, minmay_misc_feat_tiny,
          minivault_14, nicolae_figureground_pulse
D:2:      minmay_chambers_of_twos, layout_loops_ring, serial_forest,
          infiniplex_forest_end_2, infiniplex_forest_clump_diagonal,
          infiniplex_forest_straight_4, infiniplex_forest_zigzag_2,
          infiniplex_forest_end_double, infiniplex_forest_lined_corner,
          infiniplex_forest_clump_tiny, basic_altar, minmay_misc_feat_columns,
          minmay_between
D:3:      minmay_diamond_boxcup, layout_basic,
          chequers_temple_overflow_minitemple, uniq_jessica
D:4:      layout_basic, minmay_temple_entry_overgrown
D:5:      layout_basic, ebering_ghost_gozag, uniq_edmund, uniq_duvessa,
          uniq_eustachio
Temple:   compressed_dpeg_triangle_lava_temple

Skill      XL: |  1  2  3  4  5  6 |
---------------+-------------------+-----
Spellcasting   | 4 |  4.5
Conjurations   | 4 |  4.5
Hexes          | 4 |  4.5
Summonings     | 4 |  4.5
Necromancy     | 4 |  4.5
Translocations | 4 |  4.5
Transmutations | 4 |  4.5
Fire Magic     | 4 |  4.5
Ice Magic      | 4 |  4.5
Air Magic      | 4 |  4.5
Earth Magic    | 4 |  4.5
Poison Magic   | 4 |  4.5
Fighting       | 1 2 |  2.9
Stealth        | 2 3 |  3.2
Dodging        | 3 4 |  4.1

Action                     |  1- 3 |  4- 6 |  7- 9 || total
---------------------------+-------+-------+-------++-------
   Cast: Foxfire           |    72 |   133 |     5 ||   210
         Scorch            |     3 |     9 |     2 ||    14
         Flame Wave        |       |     4 |     2 ||     6
         Volatile Blastmot |       |     3 |       ||     3
 Armour: Robe              |     2 |     4 |       ||     6
  Dodge: Dodged            |    14 |    10 |     4 ||    28

Table legend: (Time is in decaauts)
 A = Elapsed time spent in this place.
 B = Non-inter-level travel time spent in this place.
 C = Inter-level travel time spent in this place.
 D = Time resting spent in this place.
 E = Time spent auto-exploring this place.
 F = Levels seen in this place.
 G = Mean time per level.
                   A        B        C        D        E       F      G
               +--------+--------+--------+--------+--------+-----+--------+
         Total |   4002 |   3892 |    110 |      0 |   3285 |   6 |  667.0 |
       Dungeon |   3981 |   3879 |    102 |      0 |   3285 |   5 |  796.2 |
        Temple |     21 |     13 |      8 |      0 |      0 |   1 |   21.0 |
               +--------+--------+--------+--------+--------+-----+--------+

Top non-repeatable levels by time:
     D:3: 1105 daAuts
     D:2: 981 daAuts
     D:1: 951 daAuts
     D:4: 872 daAuts
     D:5: 70 daAuts
  Temple: 21 daAuts
